 Dungeon Crawl Stone Soup version 0.31-a0-164-g2312942fda (webtiles) character file.

Game seed: 12071817996738844606

87 qw the Shooter (level 4, 0/28 HPs)
             Began as a Gargoyle Hunter on June 13, 2023.
             Slain by an ogre
             ... wielding a +0 giant club
              (20 damage)
             ... on level 3 of the Dungeon.
             The game lasted 00:00:46 (1346 turns).

qw the Shooter (Gargoyle Hunter)                    Turns: 1346, Time: 00:00:46

Health: 0/28       AC:  8    Str: 15    XL:     4   Next: 51%
Magic:  4/4        EV: 11    Int:  9    God:
Gold:   90         SH:  0    Dex: 15    Spells: 3/3 levels left

rFire   . . .        Y - +3 shortbow
rCold   . . .        (shield currently unavailable)
rNeg    + . .        f - +0 ring mail
rPois   inf          (no helmet)
rElec   +            (no cloak)
rCorr   .            (no gloves)
SInv    .            (no boots)
Will    .....        (no amulet)
Stlth   +            (no ring)
HPRegen 0.24/turn    (no ring)
MPRegen 0.09/turn

%: no passive effects
@: no status effects
A: sickness immunity, AC +3, negative energy resistance 1, electricity
resistance, torment resistance 1, petrification resistance
a: no special abilities


You were on level 3 of the Dungeon.
You visited 1 branch of the dungeon, and saw 3 of its levels.

You collected 90 gold pieces.


Innate Abilities, Weirdness & Mutations

You are immune to sickness and miasma.
Your stone body is resilient. (AC +3)
You are immune to poison.
You resist negative energy. (rN+)
You are resistant to electric shocks. (rElec)
You are resistant to unholy torment.
You are immune to petrification.


   Skills:
 - Level 3.0 Fighting
 + Level 5.3 Ranged Weapons
 - Level 1.0 Armour
 - Level 1.5 Dodging
 - Level 1.1 Stealth


You had 3 spell levels left.
You didn't know any spells.
Your spell library was empty.

Inventory:

Hand Weapons
 Y - a +3 shortbow (weapon)
Armour
 b - the +1 ring mail of Dishonesty {rF+ Int+5 Dex+3}
   (You found it on level 3 of the Dungeon)

   Int:       It affects your intelligence (+5).
   Dex:       It affects your dexterity (+3).
   rF:        It protects you from fire.
 f - a +0 ring mail (worn)
Potions
 a - a potion of curing {unknown}
 c - a potion of haste {unknown}
 d - a potion of attraction {unknown}

Dungeon Overview and Level Annotations

Branches:
Dungeon (3/15)

Altars:


Message History

A bat comes into view.
Found a scroll of blinking.
Enter note: You shoot an arrow.
The arrow closely misses the bat.
The bat closely misses you.
You shoot an arrow. The arrow barely misses the bat.
The bat barely misses you. The bat hits you but does no damage.
The bat hits you.
You shoot an arrow. The arrow completely misses the bat.
The bat hits you but does no damage. The bat barely misses you.
You shoot an arrow. The arrow barely misses the bat.
The bat hits you but does no damage. The bat closely misses you.
The bat hits you but does no damage.
You shoot an arrow. The arrow hits the bat.
The bat is severely wounded.
The bat hits you but does no damage. x2
You shoot an arrow. The arrow barely misses the bat.
The bat misses you. The bat barely misses you. The bat misses you.
You shoot an arrow. The arrow hits the bat.
You kill the bat!
An ogre comes into view. It is wielding a +0 giant club.
Found a stone staircase leading up.
The ogre shouts!
Enter note:
Enter note: You shoot an arrow.
The arrow hits the ogre.
The ogre is lightly wounded.
You shoot an arrow. The arrow barely misses the ogre.
The ogre barely misses you.
You shoot an arrow. The arrow hits the ogre!
The ogre is moderately wounded.
The ogre hits you with a +0 giant club!
You shoot an arrow. The arrow hits the ogre.
The ogre is moderately wounded.
The ogre barely misses you.
You shoot an arrow. The arrow hits the ogre.
The ogre is heavily wounded.
The ogre hits you with a +0 giant club!!
Ouch! That really hurt!
You die...

#.......#.#.#.###
#######.#####.#.#.....
..............#.###.###
#######.####..#.?......
#.# #..#...#.### #.#
#......# . #.# #....#.#
... #.# ####.#.#...#.
#.# #.@......< #.#
###O#..... .#..... .#
.. . .# .. ##


You could see an ogre.

Vanquished Creatures
  2 adders
  A worm (D:2)
  3 dart slugs
  An orc (D:3)
  2 ball pythons
  8 bats
  2 endoplasms
  3 giant cockroaches
  6 goblins
  5 hobgoblins
  7 jackals
  6 kobolds
  3 frilled lizards (D:1)
  4 rats
53 creatures vanquished.

Notes
Turn   | Place    | Note
-------+----------+-------------------------------------------
     0 | D:1      | qw the Gargoyle Hunter began the quest for the Orb.
     0 | D:1      | Reached XP level 1. HP: 12/12 MP: 1/1
     0 | D:1      | 0 ||| qw: Version: 0.2-a-29-gc1b59c4
     0 | D:1      | 0 ||| qw: Game counter: 4491
     0 | D:1      | 0 ||| qw: Always use a shield: true
     0 | D:1      | 0 ||| qw: God list: Okawaru
     0 | D:1      | 0 ||| qw: Allow faded altars: false
     0 | D:1      | 0 ||| qw: Do Orc after D:15 true
     0 | D:1      | 0 ||| qw: Do second Lair branch before Depths: true
     0 | D:1      | 0 ||| qw: Lair rune preference: random
     0 | D:1      | 0 ||| qw: Plans: Normal, Zot:1-4, Slime:5, God:TSO, Crypt,
                  | Tomb, Abyss, Pan, Hells, Win
     0 | D:1      | 0 ||| PLANNING D:1-11
    38 | D:1      | Reached XP level 2. HP: 17/17 MP: 2/2
    72 | D:1      | 72 ||| FLEEEEING.
    73 | D:1      | 73 ||| FLEEEEING.
    74 | D:1      | 74 ||| FLEEEEING.
    75 | D:1      | 75 ||| FLEEEEING.
    76 | D:1      | 76 ||| FLEEEEING.
    77 | D:1      | 77 ||| FLEEEEING.
    78 | D:1      | 78 ||| FLEEEEING.
    79 | D:1      | 79 ||| FLEEEEING.
    96 | D:1      | Found a faded altar of an unknown god.
   186 | D:1      | Reached XP level 3. HP: 21/21 MP: 3/3
   282 | D:1      | Reached skill level 5 in Ranged Weapons
   316 | D:1      | 316 ||| FLEEEEING.
   317 | D:1      | 317 ||| FLEEEEING.
   519 | D:1      | 519 ||| UPGRADING to +0 ring mail.
   529 | D:1      | 529 ||| DROPPING +0 leather armour.
   530 | D:1      | 530 ||| READING scroll labelled GENOME SIOKA.
   531 | D:1      | 531 ||| READING 3 scrolls labelled ULAITT ETZOST.
   532 | D:1      | 532 ||| READING 2 scrolls of enchant weapon.
   532 | D:1      | 532 ||| ENCHANTING +1 shortbow.
   533 | D:1      | 533 ||| READING scroll of enchant weapon.
   533 | D:1      | 533 ||| ENCHANTING +2 shortbow.
   534 | D:1      | 534 ||| DRINKING 2 glowing orange potions.
   544 | D:1      | 544 ||| DROPPING scroll of butterflies.
   545 | D:1      | 545 ||| DROPPING potion of ambrosia.
   749 | D:2      | Reached skill level 1 in Armour
   826 | D:2      | Reached skill level 3 in Fighting
   826 | D:2      | Reached XP level 4. HP: 28/28 MP: 4/4
  1201 | D:2      | 1201 ||| READING scroll labelled GUNGIR CYPOTAI.
  1204 | D:2      | 1204 ||| READING scroll labelled NOETWI WICILYASY.
  1232 | D:3      | Identified the +1 ring mail of Dishonesty {rF+ Int+5 Dex+3}
  1341 | D:3      | Noticed an ogre
  1346 | D:3      | Slain by an ogre

Levels and vault maps discovered:
D:1:      grunt_arrival_crossed_arrows, layout_rooms,
          chequers_ecumenical_altar_simple
D:2:      layout_basic, minmay_unequal
D:3:      layout_basic

Skill      XL: |  1  2  3 |
---------------+----------+-----
Ranged Weapons | 5 |  5.3
Armour         | 1 |  1.0
Fighting       | 3 |  3.0
Dodging        | |  1.5
Stealth        | |  1.1

Action                     |  1- 3 |  4- 6 || total
---------------------------+-------+-------++-------
   Fire: Shortbow          |   131 |    39 ||   170
    Use: Scroll            |     4 |     2 ||     6
         Potion            |     1 |       ||     1
 Armour: Leather armour    |    24 |       ||    24
         Ring mail         |     9 |     7 ||    16
  Dodge: Dodged            |    52 |    16 ||    68

Table legend:
 A = Non-vault XP
 B = Vault XP
 C = Vault XP percentage of total XP
 D = Non-vault monster count
 E = Vault monster count
 F = Vault count percentage of total count
                 A         B        C        D         E       F
            +---------+---------+-------+---------+---------+-------
      Total |     115 |      10 |   8.0 |      49 |       4 |   7.5
            +---------+---------+-------+---------+---------+-------
        D:1 |      54 |       0 |   0.0 |      29 |       0 |   0.0
        D:2 |      39 |      10 |  20.4 |      14 |       4 |  22.2
        D:3 |      22 |       0 |   0.0 |       6 |       0 |   0.0
            +---------+---------+-------+---------+---------+-------
